Map: Ascension to Aiur LE

Players

CinDra - Winner!

  • Race: Protoss Protoss
  • Spawn Location: 11:00

A.I. 1 (Very Easy)

  • Race: Protoss Protoss
  • Spawn Location: 5:00

VOD

Have the link to the VOD?

Description

Time

  • Played on: Jan. 18, 2018, 12:53 p.m.
  • Length: 11:09
Show
View Real Time Build Order
Export as new Build Order

CinDra Protoss - Winner!

Build Orders: 1 Gate Expand 

Get SALT Encoding   

  12  0:02  Probe (Chrono Boost)  
  13  0:13  Probe (Chrono Boost)  
  14  0:22  Pylon  
  14  0:23  Probe  
  15  0:40  Probe  
  16  0:47  Gateway  
  16  0:51  Assimilator  
  16  0:52  Probe  
  17  1:04  Probe (Chrono Boost)  
  18  1:13  Probe (Chrono Boost)  
  19  1:18  Probe (Chrono Boost)  
  20  1:33  Nexus  
  20  1:34  Probe  
  21  1:40  Zealot  
  23  2:03  Pylon  
  23  2:07  Pylon  
  23  2:21  Cybernetics Core, Zealot, Probe  
  26  2:33  Probe (Chrono Boost)  
  28  2:44  Probe (Chrono Boost)  
  28  2:50  Probe (Chrono Boost)  
  29  2:53  Probe (Chrono Boost)  
  30  3:01  Warp Gate (Chrono Boost)  
  30  3:02  Adept  
  30  3:04  Probe (Chrono Boost)  
  30  3:05  Probe (Chrono Boost)  
  34  3:12  Assimilator  
  34  3:18  Probe x2  
  36  3:30  Probe x2  
  38  3:49  Gateway  
  38  3:51  Gateway  
  38  3:54  Probe (Chrono Boost)  
  38  3:55  Probe (Chrono Boost)  
  41  4:04  Probe x2 (Chrono Boost)  
  41  4:05  Adept  
  44  4:17  Pylon  
  44  4:20  Probe x2  
  44  4:21  Pylon  
  44  4:23  Pylon  
  46  4:32  Adept, Probe x2  
  50  4:56  Assimilator  
  50  4:58  Probe x2  
  52  5:00  Assimilator  
  52  5:10  Adept x2, Probe x2  
  52  5:11  Adept  
  60  5:28  Robotics Facility  
  60  5:44  Adept x3  
  66  5:51  Pylon  
  66  5:54  Pylon  
  66  6:02  Gateway  
  66  6:03  Gateway  
  66  6:04  Gateway x2  
  66  6:10  Adept x3  
  72  6:23  Observer  
  73  6:48  Nexus  
  73  6:49  Adept  
  73  6:50  Adept x2  
  79  7:03  Immortal  
  83  7:11  Adept x4  
  83  7:12  Adept  
  93  7:24  Pylon  
  93  7:26  Pylon  
  93  7:38  Twilight Council  
  93  7:40  Immortal (Chrono Boost)  
  97  7:47  Probe  
  97  7:48  Probe  
  99  7:58  Adept x4  
  101  7:59  Adept, Probe  
  101  8:00  Probe  
  111  8:25  Adept x3  
  111  8:26  Adept x4  
  125  8:48  Pylon  
  125  8:52  Pylon  
  125  8:54  Pylon  
  125  8:58  Pylon  
  125  9:01  Assimilator, Pylon  
  125  9:06  Assimilator, Probe x3  
  128  9:12  Gateway  
  128  9:15  Gateway  
  128  9:17  Gateway  
  128  9:18  Probe x3  
  128  9:19  Gateway  
  131  9:28  Adept x3  
  131  9:29  Adept x2  
  140  9:47  Probe x3  
  143  9:59  Probe x3  
  146  10:11  Adept x2  
  146  10:12  Adept x4  
  146  10:13  Adept  
  160  10:56  Adept x2  
Show
View Real Time Build Order
Export as new Build Order

A.I. 1 (Very Easy) Protoss 

Build Orders:  

Get SALT Encoding   

  12  0:00  Probe  
  13  0:13  Probe  
  14  0:20  Pylon  
  14  0:37  Assimilator  
  14  0:43  Gateway  
  14  0:47  Pylon  
  14  1:13  Assimilator  
  14  1:28  Probe  
  14  1:30  Zealot  
  17  1:34  Cybernetics Core  
  17  1:40  Probe  
  18  1:52  Probe  
  19  2:04  Probe  
  20  2:10  Warp Gate  
  20  2:16  Probe  
  21  2:28  Probe  
  22  2:44  Stalker  
  24  7:20  Probe  
  24  7:21  Adept  
  24  7:22  Pylon  
  27  7:24  Robotics Facility  
  27  7:26  Nexus  
  27  7:33  Probe  
  28  7:45  Probe  
  29  7:57  Probe  
  30  8:00  Pylon  
  28  8:09  Probe  
  28  8:12  Observer  
  28  8:20  Zealot  
  30  8:33  Observer  
  31  8:39  Probe  
  32  8:44  Assimilator  
  32  8:46  Probe  
  33  8:51  Assimilator  
  33  8:53  Probe  
  34  9:01  Probe  
  35  9:08  Probe  
  36  9:15  Probe  
  37  9:20  Stalker  
  37  9:22  Probe  
  40  9:30  Probe  
  41  9:37  Probe  
  42  9:44  Probe  
  43  9:51  Probe  
  44  9:58  Probe  
  45  10:06  Probe  
  46  10:13  Probe  
  45  10:19  Zealot  
  45  10:20  Probe  
  44  10:34  Probe  
  35  10:38  Pylon  
  24  10:46  Probe  
  24  10:48  Zealot  
Tags
 
Add a new tag
Caveats
  • Supply blocks, unpowered buildings, or Contaminate may cause inaccurate times.
  • Supply counts are checked every 10 seconds.